AoeStats
← Sid

Arabia

504457395Analyzed
2v2 RM · 27d ago on Sep 5, 2026· 30m 26s· 4 players
Game mode
Random Map
Map size
Medium (4 player)
Population
200
Speed
Normal
Resources
Standard
Victory
Conquest
Starting age
Dark Age
Ending age
Imperial Age
RankedLock teamsTeams togetherTeam positionsShared explorationLock speedFull tech treeHidden civsTurbo modeCheats
Victory
Defeat
🇯🇵 Ethiopians · Japan
1285
+18
🇯🇵 Wei · Japan
1260
+19
🇧🇪 Mongols · Belgium
1339
-19
🇲🇽 Maya · Mexico
1334
-18
Moctezama
0:25 Loom
9:46 Feudal Age
11:05 Wheelbarrow
12:15 Fletching
16:43 Padded Archer Armor
22:21 Double-Bit Axe
26:41 Castle Age
25:37 Gold Mining
26:41 Crossbowman
27:29 Thumb Ring
27:58 Bodkin Arrow
28:19 Leather Archer Armor
29:48 Ballistics
Royal Yakuza
3:51 Loom
10:20 Feudal Age
11:44 Horse Collar
11:50 Double-Bit Axe
13:11 Town Watch
14:05 Wheelbarrow
20:24 Castle Age
19:16 Gold Mining
20:19 Scale Barding Armor
21:08 Bloodlines
21:25 Bow Saw
22:16 Forging
23:07 Husbandry
24:46 Iron Casting
27:31 Chain Barding Armor
Sid
6:02 Loom
9:13 Feudal Age
10:01 Double-Bit Axe
13:19 Town Watch
15:57 Horse Collar
24:26 Castle Age
23:29 Wheelbarrow
25:25 Bloodlines
25:21 Scale Barding Armor
25:27 Forging
25:49 Fletching
26:56 Chain Barding Armor
26:57 Husbandry
28:39 Gold Mining
29:17 Heavy Plow
fumin.jp
6:47 Loom
9:31 Feudal Age
12:14 Double-Bit Axe
13:34 Wheelbarrow
13:42 Fletching
14:32 Padded Archer Armor
24:29 Castle Age
22:49 Horse Collar
23:02 Gold Mining
24:33 Crossbowman
25:10 Bodkin Arrow
25:21 Thumb Ring
25:37 Leather Archer Armor
26:46 Bow Saw
27:13 Gold Shaft Mining
29:22 Ballistics
Connection lost

Rejoining the realm…

Still unreachable

The connection could not be restored.

Session expired

The server has moved on; the page needs a fresh start.